 Dungeon Crawl Stone Soup version 0.26.0-11-g8f856b5395 (webtiles) character file.

Game seed: 6834349313607489818

879 Acheron the Chopper (level 7, -1/54 HPs)
             Began as a Demonspawn Abyssal Knight on Jan 15, 2021.
             Was a Priest of Lugonu.
             Splashed by a jelly's acid (8 damage)
             ... on level 7 of the Dungeon.
             The game lasted 00:14:46 (6476 turns).

Acheron the Chopper (Demonspawn Abyssal Knight)     Turns: 6476, Time: 00:14:46

Health: -1/54      AC:  0    Str: 12    XL:     7   Next: 75%
Magic:  10/10      EV:  9    Int: 13    God:    Lugonu [***...]
Gold:   381        SH:  5    Dex: 15    Spells: 10/10 levels left

rFire    . . .     SeeInvis .   z - +1 war axe
rCold    . . .     Faith    .   i - +1 buckler
rNeg     . . .     Spirit   .   y - +0 scale mail
rPois    .         Reflect  .   (no helmet)
rElec    .         Harm     .   l - +0 cloak
rCorr    .         Rampage  .   t - +0 pair of gloves
Will     .....                  (no boots)
Stlth    +.........             (no amulet)
HPRegen  0.18/turn              (no ring)
MPRegen  0.12/turn              (no ring)

@: corroded
A: talons 1, yellow scales 2, powered by death 1
a: Renounce Religion, Depart the Abyss, Bend Space, Banish


You were on level 7 of the Dungeon.
You worshipped Lugonu.
Lugonu was most pleased with you.
You visited 2 branches of the dungeon, and saw 8 of its levels.
You visited the Abyss 1 time.

You collected 411 gold pieces.
You spent 30 gold pieces at shops.

Inventory:

Hand Weapons
 a - a +1 hand axe
 v - a +0 hunting sling
 z - a +1 war axe (weapon)
 H - a +1 short sword of venom
 I - a +1 scimitar of electrocution
 J - a +1 fustibalus of flaming
Missiles
 e - 177 stones
 x - 13 boomerangs
 C - 8 silver boomerangs
 D - 10 sling bullets
Armour
 g - +0 fire dragon scales
 i - a +1 buckler (worn)
 l - a +0 cloak (worn)
 s - a +0 ring mail
 t - a +0 pair of gloves (worn)
 y - a +0 scale mail (worn)
 N - a scarf of resistance
Jewellery
 h - a cursed -4 ring of dexterity {unknown}
 u - a +6 ring of intelligence {unknown}
 O - an uncursed amulet of regeneration {unknown}
Wands
 q - a wand of acid (10)
 E - a wand of flame (6)
 G - a wand of enslavement (11)
Scrolls
 f - 5 scrolls of identify
 n - 2 scrolls of enchant weapon
 o - 4 scrolls of remove curse
 p - 3 scrolls of teleportation
 r - a scroll of magic mapping
 B - 2 scrolls of amnesia
Potions
 b - a potion of ambrosia {unknown}
 c - 3 potions of flight {unknown}
 d - a potion of curing
 j - a potion of lignification {unknown}
 m - 2 potions of heal wounds {unknown}
 A - 2 potions of mutation {unknown}
 F - a potion of cancellation {unknown}
 M - a potion of brilliance {unknown}


   Skills:
 * Level 4.1 Fighting
 * Level 4.8 Axes
 * Level 3.3 Armour
 * Level 2.6 Dodging
 * Level 2.3 Stealth
 * Level 1.8 Shields
 * Level 2.0 Spellcasting
 * Level 4.1 Invocations


You had 10 spell levels left.
You didn't know any spells.
Your spell library was empty.

Dungeon Overview and Level Annotations

Branches:
Dungeon (7/15)             Temple (1/1) D:4

Altars:
Cheibriados
Dithmenos
Elyvilon
Fedhas
Gozag
Hepliaklqana
Kikubaaqudgha
Makhleb
Nemelex Xobeh
Okawaru
Qazlal
Ru
Sif Muna
Uskayaw
Wu Jian
Xom
Zin
The Shining One

Shops:
D:4 !

Annotations:
D:6 exclusion: oklob plant


Innate Abilities, Weirdness & Mutations

You have sharp toenails.
You are mostly covered in yellow scales. (AC +3)
You regenerate a little health from kills.


Message History

You hit the jelly.
Your hands burn!
Your kick misses the jelly.
The jelly is moderately wounded.
You hit the worker ant but do no damage.
You block the worker ant's attack. You block the jelly's attack.
Unknown command.
The worker ant bites you but does no damage.
The worker ant bites you. You block the worker ant's attack.
The worker ant bites you.
* * * LOW HITPOINT WARNING * * *
You are poisoned.
The worker ant poisons you!
You feel sick.
You feel sick. The jelly hits you.
* * * LOW HITPOINT WARNING * * *
The acid corrodes you!
You are splashed with acid!
* * * LOW HITPOINT WARNING * * *
You feel better. The worker ant barely misses you. The jelly hits you.
* * * LOW HITPOINT WARNING * * *
You are splashed with acid!
You die...

#....[..# #. #
....... ... #.
.....####.##
##..#..........##
##...#.#.........#
.................#.
#<................
#@.<.......#
#BJ........#
#..........#
##...?..<....
#.....?....##
#..........#
#..........#
#..........#
#..........#


You could see a jelly and a worker ant.

Vanquished Creatures
  A sky beast (D:5)
  A centaur (D:5)
  2 scorpions (D:4)
  A howler monkey (D:4)
  A jelly (D:7)
  An orc priest (D:4)
  2 orc wizards
  A bullfrog skeleton (D:4)
  A hound (D:4)
  An iguana (D:4)
  7 worker ants
  A howler monkey zombie (D:6)
  9 adders
  An adder skeleton (D:4)
  3 worms
  4 dart slugs
  4 leopard geckos
  19 orcs
  A bat (D:3)
  3 giant cockroaches
  3 goblins
  5 hobgoblins
  7 jackals
  3 kobolds
  4 quokkas
  4 frilled lizards
  9 rats
99 creatures vanquished.

Vanquished Creatures (others)
  3 plants (D:6)
3 creatures vanquished.

Grand Total: 102 creatures vanquished

Notes
Turn   | Place    | Note
-------+----------+-------------------------------------------
     0 | Abyss:1  | Acheron the Demonspawn Abyssal Knight began the quest for
                  | the Orb.
     0 | Abyss:1  | Reached XP level 1. HP: 18/18 MP: 2/2
    19 | Abyss:1  | Found a corrupted altar of Lugonu.
    54 | Abyss:1  | Found a corrupted altar of Lugonu.
    82 | D:1      | Escaped the Abyss
   226 | D:1      | Reached skill level 1 in Dodging
   399 | D:2      | Gained mutation: You are partially covered in yellow
                  | scales. (AC +2) [demonic ancestry]
   399 | D:2      | Reached XP level 2. HP: 19/24 MP: 3/3
  1406 | D:2      | Reached XP level 3. HP: 15/29 MP: 5/5
  1792 | D:2      | Reached ** piety under Lugonu
  1794 | D:2      | Reached skill level 1 in Stealth
  1830 | D:2      | Found a sacrificial altar of Ru.
  1996 | D:2      | Found a faded altar of an unknown god.
  2130 | D:2      | Found a shimmering altar of Xom.
  2130 | D:2      | Found a shimmering altar of Xom.
  2130 | D:2      | Found a shimmering altar of Xom.
  2131 | D:2      | Found a shimmering altar of Xom.
  2131 | D:2      | Found a shimmering altar of Xom.
  2131 | D:2      | Found a shimmering altar of Xom.
  2131 | D:2      | Found a shimmering altar of Xom.
  2131 | D:2      | Found a shimmering altar of Xom.
  2216 | D:2      | Reached XP level 4. HP: 34/35 MP: 6/6
  2769 | D:3      | Reached skill level 1 in Spellcasting
  2965 | D:3      | Found a burning altar of Makhleb.
  2965 | D:3      | Noticed a blizzard demon
  3377 | D:3      | Gained mutation: You have sharp toenails. [demonic
                  | ancestry]
  3377 | D:3      | Reached XP level 5. HP: 30/41 MP: 7/7
  3838 | D:4      | Reached skill level 1 in Shields
  4140 | D:4      | Gained mutation: You regenerate a little health from kills.
                  | [demonic ancestry]
  4140 | D:4      | Reached XP level 6. HP: 32/47 MP: 8/8
  4449 | D:4      | Reached *** piety under Lugonu
  4823 | D:4      | Found a staircase to the Ecumenical Temple.
  4837 | Temple   | Entered the Ecumenical Temple
  5017 | D:4      | Found Biylogugg's Distillery.
  5022 | D:4      | Bought a potion of curing for 30 gold pieces
  5034 | D:4      | Found an opulent altar of Gozag.
  5121 | D:4      | Gained mutation: You are mostly covered in yellow scales.
                  | (AC +3) [demonic ancestry]
  5121 | D:4      | Reached XP level 7. HP: 52/53 MP: 9/9
  5274 | D:5      | Entered Level 5 of the Dungeon
  5882 | D:5      | Found an ancient bone altar of Kikubaaqudgha.
  5882 | D:5      | Found a blossoming altar of Fedhas.
  6185 | D:6      | Found a white marble altar of Elyvilon.
  6185 | D:6      | Noticed an oklob plant
  6438 | D:6      | Found an opulent altar of Gozag.
  6474 | D:7      | HP: 1/54 [acid (8)]
  6476 | D:7      | Splashed by a jelly's acid

Illustrated notes

Levels and vault maps discovered:
D:1:      zaba_arrival_water, layout_loops_cross
D:2:      layout_basic, hangedman_ru_absence, xom_redecorated,
          chequers_ecumenical_altar_simple, grunt_decor_one_mirror,
          minmay_increasing_density
D:3:      layout_basic, makhleb_altar_promises_db
D:4:      minmay_chambers_of_fours, layout_loops_ring, temple_fountains,
          serial_shops, shop, nicolae_gozag_cash_rules_everything_around_me
D:5:      layout_loops_ring, grunt_temple_overflow_growth_and_decay,
          serial_bayou_pond_c, mrwooster_statue_mirror,
          hangedman_abyss_or_decor_lesser_grid
D:6:      layout_loops_corners, lemuel_crystal_altar,
          nicolae_overflow_crystal_walls, ebering_ghost_sewer_d,
          lemuel_oklob_altar
D:7:      layout_rooms, cheibrodos_ashenzari_chains,
          nicolae_overflow_hidden_temple, kennysheep_cross_room
Temple:   nicolae_temple_x_marks_the_god

Skill      XL: |  1  2  3  4  5  6  7 |
---------------+----------------------+-----
Dodging        | 1 2 |  2.6
Armour         | 2 3 |  3.3
Axes           | 2 3 4 |  4.8
Stealth        | 1 2 |  2.3
Invocations    | 3 4 |  4.1
Spellcasting   | 1 2 |  2.0
Shields        | 1 |  1.8
Fighting       | 4 |  4.1

Action                   |  1- 3 |  4- 6 |  7- 9 || total
-------------------------+-------+-------+-------++-------
Melee: Hand axe          |    94 |    32 |       ||   126
       War axe           |       |   157 |   112 ||   269
       Kick              |       |    27 |    35 ||    62
Evoke: Wand              |       |     1 |       ||     1
  Use: Scroll            |     2 |       |     8 ||    10
       Potion            |       |       |     1 ||     1
 Stab: Sleeping          |       |     1 |       ||     1
Armor: Leather armour    |    15 |       |       ||    15
       Ring mail         |     8 |    33 |       ||    41
       Scale mail        |       |    62 |    68 ||   130
Dodge: Dodged            |    44 |   100 |    53 ||   197
Block: Buckler           |     8 |    36 |    26 ||    70
